 Dungeon Crawl Stone Soup version 0.15-a0-1506-g1b030bc (webtiles) character file.

298 Crauler the Ruffian (level 6, -9/48 HPs)
             Began as a Draconian Transmuter on June 15, 2014.
             Mangled by Duvessa
             ... wielding a +3,+1 short sword of electrocution
              (14 damage)
             ... on Level 4 of the Dungeon.
             The game lasted 00:10:20 (3647 turns).

Crauler the Ruffian (Draconian Transmuter)          Turns: 3647, Time: 00:10:20

HP  -9/48        AC  2     Str 15      XL: 6   Next: 13%
MP  18/20        EV 21     Int 15      God:
Gold 144         SH  0     Dex 16      Spells:  2 memorised,  6 levels left

rFire  . . .     SeeInvis .     r - melded +1 trident (slay drac)
rCold  . . .     Clarity  .     (armour unavailable)
rNeg   . . .     rCorr    .     (shield currently unavailable)
rPois  x         rRot     .     (helmet currently unavailable)
rElec  .         Spirit   .     (cloak currently unavailable)
SustAb .         Warding  .     (gloves currently unavailable)
rMut   .         Stasis   .     q - melded +0 pair of boots
Gourm  .                        (no amulet)
MR     .....                    p - +2 ring of strength
                                h - ring of magical power

@: spider-form (expiring), not resistant to hostile enchantments, very
unstealthy
A: unfitting armour, (cold-blooded), AC +6
a: End Transformation


You were on level 4 of the Dungeon.
You were not hungry.
You were in spider-form.
You visited 1 branch of the dungeon, and saw 4 of its levels.

You collected 144 gold pieces.

Inventory:

Hand weapons
 r - a +1,+1 trident of dragon slaying (melded)
Missiles
 b - 12 arrows
 m - 8 tomahawks (quivered)
Armour
 q - a +0 pair of boots (melded)
Magical devices
 o - a wand of slowing (6)
Comestibles
 a - 2 bread rations
 c - a beef jerky
 n - a rotting chunk of rat flesh
 s - 4 fruits
 t - a chunk of rat flesh
 w - a chunk of orc flesh
Scrolls
 e - a scroll of teleportation
 i - a scroll of fog
 u - a scroll of amnesia
Jewellery
 h - a ring of magical power (left front leg)
 p - a +2 ring of strength (right front leg)
Potions
 g - a potion of flight {unknown}
 j - a potion of heal wounds
 k - 2 potions of curing {unknown}
 l - 2 potions of magic {unknown}
 v - a potion of restore abilities {unknown}
Books
 d - a book of Changes

   Spells                             Type                      Level
   *Beastly Appendage                 Transmutation                1
   Sticks to Snakes                   Transmutation                2
   *Spider Form                       Transmutation/Poison         3
   Ice Form                           Ice/Transmutation            4
   Blade Hands                        Transmutation                5


   Skills:
 + Level 2.1 Fighting
 * Level 3.4 Dodging
 * Level 4.0 Unarmed Combat
 + Level 2.7 Spellcasting
 * Level 3.9 Transmutations


You had 6 spell levels left.
You knew the following spells:

 Your Spells              Type           Power        Failure   Level  Hunger
a - Beastly Appendage     Trmt           ##....       14%         1    #......
b - Spider Form           Trmt/Pois      #.........   52%         3    ###....


Dungeon Overview and Level Annotations

Branches:
Dungeon (4/15)
 Temple: D:4-7

Altars:
Gozag
Qazlal
Trog

Annotations:
D:4 Duvessa


Innate Abilities, Weirdness & Mutations

((Your plain brown scales are hard (AC +6).))*
Your body does not fit into most forms of armour.
((Your cold-blooded metabolism reacts poorly to cold.))*


Message History

You closely miss Duvessa.
Duvessa is lightly wounded.
Duvessa hits you but does no damage. Duvessa misses you.
You hit Duvessa but do no damage.
Duvessa looks even sicker.
Duvessa is lightly wounded.
Duvessa hits you with a glowing short sword.
You hit Duvessa.
Duvessa is moderately wounded.
Your transformation is almost over.
Duvessa hits you with a glowing short sword!
You are electrocuted!
* * * LOW HITPOINT WARNING * * *
You hit Duvessa but do no damage.
Duvessa is moderately wounded.
Duvessa closely misses you.
You hit Duvessa.
Duvessa is moderately wounded.
Duvessa barely misses you. Duvessa hits you but does no damage.
You are electrocuted!
You die...

# ##.. ###.....
#_.....#.
#####....#...
##...#..#.....
#....'.........
#..).'.........
#.se.#..#......
#.####....#...
#....#_.....#.
#.######......
###########.##
#####...
#....%......>###...###
####
#.######..>......###
#..# #.# #...#.###.#
#..# #.# ##.###.##.#
#..###


You could see Duvessa (berserk).

Vanquished Creatures
  Dowan (D:4)
  3 orc priests
  A hound zombie (D:4)
  Terence (D:3)
  2 gnolls
  5 adders
  A worm (D:2)
  2 giant geckos (D:1)
  3 oozes
  7 orcs
  8 bats
  A giant cockroach (D:1)
  11 goblins
  8 hobgoblins
  3 giant newts
  8 kobolds
  15 rats
80 creatures vanquished.

Notes
Turn   | Place    | Note
--------------------------------------------------------------
     0 | D:1      | Crauler, the Draconian Transmuter, began the quest for the Orb.
     0 | D:1      | Reached XP level 1. HP: 16/16 MP: 3/3
   281 | D:1      | Reached XP level 2. HP: 14/23 MP: 4/4
   789 | D:1      | Reached XP level 3. HP: 28/28 MP: 6/6
  1737 | D:1      | Reached XP level 4. HP: 30/35 MP: 8/8
  1751 | D:1      | Learned a level 3 spell: Spider Form
  2383 | D:3      | Noticed Terence
  2397 | D:3      | Killed Terence
  2461 | D:3      | Found a stormy altar of Qazlal.
  2736 | D:3      | Reached XP level 5. HP: 38/41 MP: 9/9
  3416 | D:4      | Reached skill level 4 in Unarmed Combat
  3525 | D:4      | Reached XP level 6. HP: 44/48 MP: 11/11
  3547 | D:4      | Noticed Dowan
  3547 | D:4      | Found a bloodstained altar of Trog.
  3547 | D:4      | Found an opulent altar of Gozag.
  3562 | D:4      | Killed Dowan
  3637 | D:4      | Noticed Duvessa
  3647 | D:4      | Mangled by Duvessa

Action                   |  1- 3 |  4- 6 || total
-------------------------+-------+-------++-------
Melee: Unarmed           |   161 |   166 ||   327
       Trident           |       |    16 ||    16
Throw: Tomahawk          |       |     2 ||     2
 Cast: Beastly Appendage |     1 |     3 ||     4
       Spider Form       |       |     7 ||     7
  Use: Potion            |     1 |       ||     1
       Scroll            |       |    11 ||    11
 Stab: Sleeping          |     1 |       ||     1
